 Dungeon Crawl Stone Soup version 0.21.1-1-g345015f (webtiles) character file.

11 tidbits the Magician (level 2, 1/26 HPs)
             Began as a Gnoll Wanderer on June 8, 2018.
             Quit the game on level 2 of the Dungeon.
             The game lasted 00:02:07 (170 turns).

tidbits the Magician (Gnoll Wanderer)                Turns: 170, Time: 00:02:08

Health: 1/26       AC:  2    Str: 13    XL:     2   Next: 29%
Magic:  0/10       EV: 11    Int: 14    God:
Gold:   35         SH:  4    Dex: 15    Spells: 14/15 levels left

rFire    . . .     SeeInvis .   a - +2 mace
rCold    . . .     Gourm    .   c - +0 buckler
rNeg     . . .     Faith    .   d - +0 robe
rPois    .         Spirit   .   (no helmet)
rElec    .         Reflect  .   (no cloak)
rCorr    .         Harm     .   (no gloves)
MR       .....                  (no boots)
Stlth    ++........             (no amulet)
HPRegen  0.08/turn              (no ring)
MPRegen  0.12/turn              (no ring)

@: lethally poisoned (1 -> -10), very slightly contaminated, hasted, very quick
A: distributed training, fangs 1, strong nose
a: no special abilities


You were on level 2 of the Dungeon.
You were not hungry.

You visited 1 branch of the dungeon, and saw 2 of its levels.

You collected 35 gold pieces.

Inventory:

Hand Weapons
 a - a +2 mace (weapon)
Armour
 c - a +0 buckler (worn)
 d - a +0 robe (worn)
Scrolls
 e - a scroll of identify {unknown}
Books
 b - the Disquisition on Weightlessness

   Spells                             Type                      Level
   a - Shock                          Conjuration/Air              1
   b - Mephitic Cloud                 Conjuration/Poison/Air       3
Comestibles
 f - 2 rations


   Skills:
 + Level 4.4 Fighting
 + Level 0.3 Short Blades
 + Level 0.3 Long Blades
 + Level 0.3 Axes
 + Level 2.4 Maces & Flails
 + Level 0.3 Polearms
 + Level 0.3 Staves
 + Level 0.3 Slings
 + Level 0.3 Bows
 + Level 0.3 Crossbows
 + Level 0.3 Throwing
 + Level 0.3 Armour
 + Level 0.3 Dodging
 + Level 0.3 Stealth
 + Level 2.4 Shields
 + Level 0.3 Unarmed Combat
 + Level 7.1 Spellcasting
 + Level 0.2 Conjurations
 + Level 0.2 Hexes
 + Level 0.2 Charms
 + Level 0.2 Summonings
 + Level 0.2 Necromancy
 + Level 0.2 Translocations
 + Level 0.2 Transmutations
 + Level 0.2 Fire Magic
 + Level 0.2 Ice Magic
 + Level 3.7 Air Magic
 + Level 0.2 Earth Magic
 + Level 0.2 Poison Magic
 + Level 0.4 Invocations
 + Level 2.4 Evocations


You had 14 spell levels left.
You knew the following spells:

 Your Spells              Type           Power        Failure   Level  Hunger
a - Shock                 Conj/Air       ##..         8%          1    None


Dungeon Overview and Level Annotations

Branches:
Dungeon (2/15)

Altars:

Annotations:
D:2 Crazy Yiuf


Innate Abilities, Weirdness & Mutations

Your experience applies equally to all skills.
You have very sharp teeth.
Your uncanny sense of smell can sniff out nearby items.


Message History

Confirm with . or Enter, or press ? or * to list all spells.
Aiming: Shock
Press: ? - help, Shift-Dir - straight line, f - hobgoblin
Aim: a hobgoblin, wielding a club The zap hits the hobgoblin.
The hobgoblin is moderately wounded.
Casting: Shock
Confirm with . or Enter, or press ? or * to list all spells.
Aiming: Shock
Press: ? - help, Shift-Dir - straight line, f/p - hobgoblin
Aim: a hobgoblin, wielding a club (moderately wounded)
The zap hits the hobgoblin.
You kill the hobgoblin!
Found a stone staircase leading down.
Things that are here:
a club; a hobgoblin corpse
There is a stone staircase leading down here.
You climb downwards.
A frilled lizard comes into view.
The frilled lizard hisses angrily.
Found a hand axe.
There is a stone staircase leading up here.
Casting: Shock
Confirm with . or Enter, or press ? or * to list all spells.
Aiming: Shock
Press: ? - help, Shift-Dir - straight line, f - frilled lizard
Aim: a frilled lizard The zap hits the frilled lizard.
The frilled lizard is heavily wounded.
Casting: Shock
Confirm with . or Enter, or press ? or * to list all spells.
Aiming: Shock
Press: ? - help, Shift-Dir - straight line, f/p - frilled lizard
Aim: a frilled lizard (heavily wounded)
The zap hits the frilled lizard.
You kill the frilled lizard!
Found a runed door.
You open the door.
Crazy Yiuf the Enlightened comes into view.
He is wielding a quarterstaff of chaos.
Found a glowing mace.
Crazy Yiuf shouts!
Crazy Yiuf says, "Mama mobile Xom!"
There is an open door here.
Casting: Shock
Confirm with . or Enter, or press ? or * to list all spells.
Aiming: Shock
Press: ? - help, Shift-Dir - straight line The zap hits Crazy Yiuf.
Crazy Yiuf is lightly wounded.
The zap hits Crazy Yiuf.
Crazy Yiuf is moderately wounded.
Crazy Yiuf screams, "Gum!"
Casting: Shock
Confirm with . or Enter, or press ? or * to list all spells.
Aiming: Shock
Press: ? - help, Shift-Dir - straight line The zap misses Crazy Yiuf.
The zap hits Crazy Yiuf.
Crazy Yiuf appears unharmed.
Crazy Yiuf is moderately wounded.
Crazy Yiuf hits you with a quarterstaff of chaos!
You feel yourself speed up.
Casting: Shock
Confirm with . or Enter, or press ? or * to list all spells.
Aiming: Shock
Press: ? - help, Shift-Dir - straight line The zap hits Crazy Yiuf.
Crazy Yiuf appears unharmed.
Crazy Yiuf is moderately wounded.
The zap misses Crazy Yiuf.
Casting: Shock
Confirm with . or Enter, or press ? or * to list all spells.
Aiming: Shock
Press: ? - help, Shift-Dir - straight line The zap hits Crazy Yiuf.
Crazy Yiuf is heavily wounded.
The zap hits Crazy Yiuf.
Crazy Yiuf is severely wounded.
Crazy Yiuf hits you with a quarterstaff of chaos.
Crazy Yiuf burns you.
* * * LOW HITPOINT WARNING * * *
Casting: Shock
Confirm with . or Enter, or press ? or * to list all spells.
Aiming: Shock
Press: ? - help, Shift-Dir - straight line The zap misses Crazy Yiuf.
The zap hits Crazy Yiuf.
Crazy Yiuf is almost dead.
Casting: Shock
Confirm with . or Enter, or press ? or * to list all spells.
Aiming: Shock
Press: ? - help, Shift-Dir - straight line You miscast Shock.
You are very lightly contaminated with residual magic.
Nothing appears to happen.
Crazy Yiuf cries, "Peeping!"
Crazy Yiuf hits you with a quarterstaff of chaos!
Ouch! That really hurt!
* * * LOW HITPOINT WARNING * * *
You are lethally poisoned!
You aren't carrying any potions.
Unknown command.
Are you sure you want to abandon this character and quit the game? (Confirm with "yes".)

♣♣♣♣♣### ####
♣♣♣.♣....##
#...#♣..♣.P....##
#..g@.♣♣♣♣.P....#
#)..#♣♣ ♣♣P....#
#### ♣♣##..# #.##
#.# #########.#
..........#
..)....<###
#########


You could see Crazy Yiuf.

Vanquished Creatures
  A dart slug (D:1)
  A bat (D:1)
  3 hobgoblins (D:1)
  A frilled lizard (D:2)
  4 rats (D:1)
10 creatures vanquished.

Notes
Turn   | Place    | Note
-------+----------+-------------------------------------------
     0 | D:1      | tidbits the Gnoll Wanderer began the quest for the Orb.
     0 | D:1      | tidbits set off with: a +2 mace, the Disquisition on Weightlessness, a +0 buckler, a +0 robe, a ration
     0 | D:1      | Reached XP level 1. HP: 20/20 MP: 8/8
     0 | D:1      | Identified the Disquisition on Weightlessness
     2 | D:1      | Learned a level 1 spell: Shock
   105 | D:1      | Reached XP level 2. HP: 23/26 MP: 3/10
   158 | D:2      | Found a runed door.
   162 | D:2      | Noticed Crazy Yiuf
   169 | D:2      | HP: 1/26 [Crazy Yiuf/quarterstaff of chaos (13)]
   170 | D:2      | Quit the game

Action                   || total
-------------------------++-------
Melee: Mace              ||     9
       Bite              ||     1
 Cast: Shock             ||    21
Armor: Robe              ||     4
Dodge: Dodged            ||     5

Table legend:
 A = Turns spent in this place as a percentage of turns spent in the entire game.
 B = Non-inter-level travel turns spent in this place as a percentage of non-inter-level travel turns spent in the entire game.
 C = Inter-level travel turns spent in this place as a percentage of turns spent in this place.
 D = Turns resting spent in this place as a percentage of non-inter-level travel turns spent in this place.
 E = Turns spent auto-exploring this place as a percentage of non-inter-level travel turns spent in this place.
 F = Non-inter-level travel turns spent in this place divided by the number of levels of this place that you've seen.
                   A       B       C       D       E      F
               +-------+-------+-------+-------+-------+----------------------
         Total | 100.0 | 100.0 |   0.0 |   0.0 |   0.0 |  85.0
       Dungeon | 100.0 | 100.0 |   0.0 |   0.0 |   0.0 |  85.0
               +-------+-------+-------+-------+-------+----------------------

Table legend:
 A = Kills in this place as a percentage of kills in entire the game.
 B = Kills by you in this place as a percentage of kills by you in the entire game.
 C = Kills by friends in this place as a percentage of kills by friends in the entire game.
 D = Other kills in this place as a percentage of other kills in the entire game.
 E = Experience gained in this place as a percentage of experience gained in the entire game.
 F = Experience gained in this place divided by the number of levels of this place that you have seen.
                   A       B       C       D       E      F
               +-------+-------+-------+-------+-------+----------------------
         Total | 100.0 | 100.0 |   N/A |   N/A | 100.0 |   8.5
       Dungeon | 100.0 | 100.0 |   N/A |   N/A | 100.0 |   8.5
               +-------+-------+-------+-------+-------+----------------------

Vault maps used:
D:1:      giann_forest_graveyard, kennysheep_boxes
D:2:      cheibrodos_helix_gallery, grunt_gozag_statues, uniq_terence,
          uniq_natasha, uniq_sigmund, uniq_crazy_yiuf_cottage
